 Dungeon Crawl Stone Soup version 0.29-a0-323-g050149af67 (webtiles) character file.

Game seed: 12305613812250530670

19828 kae the Severer (level 12, 0/110 HPs)
             Began as a Minotaur Fighter on Apr 10, 2022.
             Was a Priest of Qazlal.
             Slain by a culicivora (14 damage)
             ... on level 2 of the Lair of Beasts.
             The game lasted 00:08:56 (11149 turns).

kae the Severer (Minotaur Fighter)                 Turns: 11149, Time: 00:08:57

Health: 0/110      AC: 19    Str: 28    XL:     12   Next: 40%
Magic:  24/24      EV: 14    Int:  7    God:    Qazlal [***...]
Gold:   832        SH: 13    Dex:  9    Spells: 11/11 levels left

rFire   + . .      SeeInvis .   a - +1 war axe
rCold   . . .      Faith    .   o - +2 buckler
rNeg    . . .      Spirit   .   z - +7 ring mail "Joudwimp" {*Corrode Fly MP+9 Str+3}
rPois   .          Reflect  .   (helmet restricted)
rElec   .          Harm     .   q - +2 cloak
rCorr   .          Rampage  .   p - +0 pair of gloves
Will    .....                   (no boots)
Stlth   ..........              B - amulet of regeneration
HPRegen 1.08/turn               f - ring of protection from fire
MPRegen 0.19/turn               i - +4 ring of evasion

@: lethally poisoned (0 -> -15), about to teleport, flying
A: horns 2, retaliatory headbutt
a: Renounce Religion, Upheaval, Elemental Force


You were on level 2 of the Lair of Beasts.
You worshipped Qazlal.
Qazlal was most pleased with you.
You visited 3 branches of the dungeon, and saw 13 of its levels.
You also visited: Bailey.

You collected 832 gold pieces.

Inventory:

Hand Weapons
 a - a +1 war axe (weapon)
Armour
 b - a +0 scale mail
 o - a +2 buckler (worn)
 p - a +0 pair of gloves (worn)
 q - a +2 cloak (worn)
 z - the +7 ring mail "Joudwimp" (worn) {*Corrode Fly MP+9 Str+3}
   (You found it on level 6 of the Dungeon)

   Str:       It affects your strength (+3).
   MP:        It affects your magic capacity (+9).
   Fly:       It grants you flight.
   *Corrode:  It may corrode you when you take damage.
Jewellery
 f - a ring of protection from fire (left hand)
 i - a +4 ring of evasion (right hand)
 v - an amulet of guardian spirit
 x - an amulet of reflection
 B - an amulet of regeneration (around neck)
 D - a ring of wizardry
Wands
 d - a wand of flame (40)
 k - a wand of mindburst (12)
 u - a wand of digging (2)
 w - a wand of iceblast (8)
 y - a wand of acid (5)
 F - a wand of polymorph (2)
 G - a wand of paralysis (3)
Scrolls
 e - 4 scrolls of amnesia
 g - 2 scrolls of teleportation
 s - a scroll of magic mapping
 A - a scroll of fog
 I - a scroll of fear
Potions
 c - 3 potions of heal wounds
 h - 4 potions of flight
 j - 2 potions of magic
 l - 4 potions of brilliance
 m - 5 potions of attraction
 n - a potion of ambrosia
 r - a potion of haste
 t - 4 potions of curing
 C - a potion of lignification
 E - 2 potions of might
 H - 2 potions of mutation


   Skills:
 + Level 11.3 Fighting
 * Level 15.0 Axes
 + Level 11.3 Armour
 + Level 11.3 Shields
 + Level 5.8 Invocations


You had 11 spell levels left.
You didn't know any spells.
Your spell library contained the following spells:

 Spells                   Type           Power      Damage    Failure   Level
 Foxfire                  Conj/Fire      0%         2x1d4     58%         1
 Magic Dart               Conj           0%         1d3       58%         1
 Ensorcelled Hibernation  Hex/Ice        0%         N/A       75%         2
 Searing Ray              Conj           0%         2d4       75%         2
 Conjure Flame            Conj/Fire      0%         6-21      92%         3
 Inner Flame              Hex/Fire       0%         N/A       92%         3
 Ozocubu's Armour         Ice            0%         N/A       92%         3
 Spider Form              Tmut/Pois      0%         N/A       92%         3
 Anguish                  Hex/Necr       0%         N/A       100%        4
 Flame Wave               Conj/Fire      0%         2d4       100%        4
 Fulminant Prism          Conj/Hex       0%         3d6       100%        4
 Passage of Golubria      Tloc           0%         N/A       100%        4
 Silence                  Hex/Air        0%         N/A       100%        5
 Ozocubu's Refrigeration  Ice            0%         4d5       100%        7
 Lehudib's Crystal Spear  Conj/Erth      0%         10d2      100%        8


Dungeon Overview and Level Annotations

Branches:
Dungeon (10/15)            Temple (1/1) D:4            Lair (2/6) D:8
 Spider (0/4) Lair:2       Bailey (visited)
  Swamp: Lair:2-4    Shoals: Lair:2-4       Orc: D:9-12

Altars:
Ashenzari
Cheibriados
Dithmenos
Elyvilon
Fedhas
Gozag
Hepliaklqana
Kikubaaqudgha
Makhleb
Nemelex Xobeh
Okawaru
Qazlal
Ru
Sif Muna
Trog
Uskayaw
Vehumet
Wu Jian
Xom
Yredelemnul
Zin
The Shining One

Shops:
D:4 [   D:9 =


Innate Abilities, Weirdness & Mutations

You have a pair of horns on your head.
You reflexively headbutt those who attack you in melee.


Message History

You are too injured to fight recklessly!
There are monsters nearby!
You are too injured to fight recklessly!
You are too injured to fight recklessly!
You are too injured to fight recklessly!
You are too injured to fight recklessly!
You barely miss the jumping spider.
Your headbutt misses the jumping spider.
You miss the culicivora. You barely miss the culicivora. You slash the redback!
You kill the redback!
Qazlal accepts your kill.
You feel extremely sick. You block the jumping spider's attack.
The jumping spider closely misses you.
The culicivora bites you but does no damage.
You block the culicivora's attack.
You slash the jumping spider!
The jumping spider is moderately wounded.
You closely miss the culicivora. You hit the culicivora.
You feel extremely sick.
The jumping spider leaps!
The culicivora is healed somewhat.
The culicivora bites you!
* * * LOW HITPOINT WARNING * * *
The culicivora draws strength from your injuries!
You hit the culicivora but do no damage.
You headbutt the culicivora!
The culicivora is moderately wounded.
You slash the culicivora!
* * * LOW HITPOINT WARNING * * *
You feel extremely sick.
The culicivora is healed somewhat.
The culicivora bites you.
* * * LOW HITPOINT WARNING * * *
The culicivora draws strength from your injuries!
As you read the scroll of teleportation, it crumbles to dust.
You feel strangely unstable.
* * * LOW HITPOINT WARNING * * *
You feel extremely sick. You block the culicivora's attack.
The culicivora closely misses you.
The jumping spider leaps!
You block the culicivora's attack. The culicivora bites you!
You die...

..............#
##.......
.............##...
#.......
...^........##.$>.
#.......
...........##^s...
##......
...........#^..^.#
#..#.##.
..#.#....##^○^.#
#..####. #
##.P##.^.^^#
....###..
#.###^^^#
##P..##.#.
#.##@†.# #P...##..
#..°ss## ##... ##.
#.....# #.
#......# #.
#P##.#.# #.
######.# #.. #. ..
##... ##. ...
......##..
.............


You could see 2 culicivoras and a jumping spider.

Vanquished Creatures
  Gastronok (D:9)
  2 vault guards (Bailey)
  A hydra (D:8)
  3 two-headed ogres
  Pikel (D:5)
  A deep elf pyromancer (D:8)
  An ugly thing (D:8)
  A gargoyle (D:8)
  An unseen horror (D:8)
  4 cane toads
  An efreet (D:8)
  2 komodo dragons (D:8)
  A troll (D:10)
  A polar bear (Lair:2)
  2 hornets (D:8)
  Prince Ribbit (Bailey)
  A slime creature (D:8)
  Sigmund (D:3)
  A shadow (D:8)
  A wraith (D:10)
  A yak (D:8)
  Eustachio (D:4)
  7 humans (Bailey)
  6 steam dragons
  2 redbacks (Lair:2)
  Edmund (D:6)
  An acid dragon (D:8)
  7 water moccasins
  5 black bears
  2 ice beasts
  A sky beast (D:5)
  6 orc warriors
  2 ogres (D:5)
  4 centaurs
  5 phantoms
  4 lemures (D:5)
  Blork the orc (D:5)
  2 kobold brigands (D:8)
  A gnoll sergeant (D:9)
  4 necrophages
  21 bullfrogs
  5 scorpions
  A water moccasin zombie (D:5)
  6 wights
  7 killer bees
  4 howler monkeys
  A bullfrog zombie (D:5)
  A human zombie (D:5)
  3 jellies
  4 gnoll shamans
  11 orc priests
  4 hounds
  Terence (D:3)
  5 iguanas
  11 orc wizards
  A killer bee zombie (D:5)
  2 hound zombies (D:5)
  3 mummies (D:5)
  Robin (D:3)
  23 gnolls
  9 adders
  2 shadow imps
  3 white imps
  An ufetubus (D:4)
  2 worms
  2 dart slugs
  37 orcs
  6 endoplasms
  2 giant cockroaches
  23 goblins
  6 hobgoblins
  3 jackals (D:1)
  11 kobolds
  A quokka (D:1)
  5 ball pythons
  4 bats (D:2)
  2 frilled lizards (D:2)
  2 rats
327 creatures vanquished.

Vanquished Creatures (others)
  A wizard (D:3)
  A killer bee (D:8)
  An orc wizard (D:6)
  27 plants (D:8)
  3 withered plants (D:1)
33 creatures vanquished.

Grand Total: 360 creatures vanquished

Notes
Turn   | Place    | Note
-------+----------+-------------------------------------------
     0 | D:1      | kae the Minotaur Fighter began the quest for the Orb.
     0 | D:1      | Reached XP level 1. HP: 19/19 MP: 0/0
    25 | D:1      | Found a faded altar of an unknown god.
   189 | D:1      | Reached XP level 2. HP: 27/27 MP: 1/1
   306 | D:1      | Reached skill level 3 in Axes
   710 | D:2      | Found a glowing golden altar of the Shining One.
   768 | D:2      | Reached XP level 3. HP: 29/33 MP: 2/2
  1307 | D:3      | Noticed Robin
  1658 | D:3      | Killed Robin
  1659 | D:3      | Reached XP level 4. HP: 36/40 MP: 3/3
  1710 | D:3      | Noticed Terence
  1726 | D:3      | Killed Terence
  1727 | D:3      | Reached skill level 4 in Axes
  1945 | D:3      | Noticed Sigmund
  1964 | D:3      | Killed Sigmund
  1965 | D:3      | Reached skill level 5 in Axes
  1965 | D:3      | Reached XP level 5. HP: 33/47 MP: 4/4
  1965 | D:3      | Reached XP level 6. HP: 39/55 MP: 5/5
  2211 | D:3      | Found Cenio's Magic Scroll Boutique.
  2271 | D:3      | Reached skill level 5 in Shields
  2378 | D:3      | Found a bloodstained altar of Trog.
  2570 | D:3      | Noticed a wizard
  2575 | D:3      | Killed a wizard
  2718 | D:3      | Reached skill level 5 in Armour
  2816 | D:4      | Reached skill level 5 in Fighting
  2863 | D:4      | Found Pusi's Antique Armour Shop.
  2888 | D:4      | Found a staircase to the Ecumenical Temple.
  3278 | D:4      | Reached skill level 6 in Axes
  3280 | D:4      | Reached XP level 7. HP: 50/61 MP: 6/6
  3403 | D:4      | Noticed Eustachio
  3412 | D:4      | Killed Eustachio
  3651 | D:4      | Reached skill level 7 in Axes
  3998 | D:5      | Entered Level 5 of the Dungeon
  3998 | D:5      | Noticed Blork the orc
  4002 | D:5      | Killed Blork the orc
  4066 | D:5      | Found a sparkling altar of Nemelex Xobeh.
  4075 | D:5      | Reached XP level 8. HP: 70/70 MP: 7/7
  4213 | D:5      | Reached skill level 8 in Axes
  4395 | D:5      | Reached skill level 9 in Axes
  4400 | D:5      | Found an ancient bone altar of Kikubaaqudgha.
  4543 | D:5      | Reached XP level 9. HP: 77/79 MP: 8/8
  4856 | D:6      | Noticed Pikel
  4981 | D:5      | Killed Pikel
  4982 | D:5      | Reached skill level 10 in Axes
  5301 | D:6      | Noticed a two-headed ogre
  5311 | D:6      | Killed a two-headed ogre
  5312 | D:6      | Reached skill level 11 in Axes
  5460 | D:6      | Reached XP level 10. HP: 82/90 MP: 9/9
  5464 | D:6      | Identified the +7 ring mail "Joudwimp" {*Corrode Fly MP+9
                  | Str+3}
  5646 | D:6      | Noticed Edmund
  5652 | D:6      | Killed Edmund
  6128 | Temple   | Entered the Ecumenical Temple
  6199 | Temple   | Became a worshipper of Qazlal Stormbringer
  6408 | D:7      | Found a shimmering altar of Xom.
  6537 | D:7      | Found a flagged portal.
  6549 | Bailey   | Entered a bailey
  6562 | Bailey   | Reached skill level 1 in Invocations
  6573 | Bailey   | Reached * piety under Qazlal
  6618 | Bailey   | Reached skill level 12 in Axes
  6659 | Bailey   | Noticed a vault guard
  6676 | Bailey   | Killed a vault guard
  6735 | Bailey   | Noticed Prince Ribbit
  6735 | Bailey   | Noticed a vault guard
  6747 | Bailey   | Killed a vault guard
  6748 | Bailey   | Killed Prince Ribbit
  6865 | Bailey   | Reached XP level 11. HP: 90/99 MP: 12/12
  7221 | D:7      | Reached ** piety under Qazlal
  7338 | D:8      | Found a staircase to the Lair.
  7449 | D:8      | Reached skill level 13 in Axes
  7506 | D:8      | Noticed a two-headed ogre
  7516 | D:8      | Killed a two-headed ogre
  7517 | D:8      | Reached skill level 10 in Fighting
  7517 | D:8      | Reached skill level 10 in Armour
  7517 | D:8      | Reached skill level 10 in Shields
  7518 | D:8      | Noticed a two-headed ogre
  7529 | D:8      | Noticed a deep elf pyromancer
  7530 | D:8      | Killed a two-headed ogre
  7541 | D:8      | Killed a deep elf pyromancer
  7597 | D:8      | Noticed a cyan ugly thing
  7610 | D:8      | Killed a cyan ugly thing
  7939 | D:8      | Noticed a six-headed hydra
  7940 | D:8      | Paralysed by a hornet for 2 turns
  7975 | D:8      | Reached skill level 14 in Axes
  8084 | D:8      | Reached *** piety under Qazlal
  8145 | D:8      | Killed a six-headed hydra
  8477 | D:8      | Reached skill level 5 in Invocations
  8849 | D:9      | Found an iron altar of Okawaru.
  8927 | D:9      | Noticed Gastronok
  8944 | D:9      | Killed Gastronok
  8945 | D:9      | Reached XP level 12. HP: 34/108 MP: 14/14
  8945 | D:9      | Found a radiant altar of Vehumet.
  8953 | D:9      | HP: 4/108 [poisoned by a gnoll]
  9218 | D:9      | Found a glowing golden altar of the Shining One.
  9219 | D:9      | Found a shimmering blue altar of Sif Muna.
  9497 | D:9      | Found Qyatag Hestra's Jewellery Shoppe.
  9624 | D:10     | Entered Level 10 of the Dungeon
 10311 | Lair:1   | Entered Level 1 of the Lair of Beasts
 10405 | Lair:1   | Found a hazy altar of Hepliaklqana.
 11109 | Lair:2   | Reached skill level 15 in Axes
 11138 | Lair:2   | Found a hole to the Spider Nest.
 11149 | Lair:2   | Slain by a culicivora

Illustrated notes

Levels and vault maps discovered:
D:1:      dpeg_arrival_simpleton_b, layout_basic,
          ebering_ecumenical_altar_petrified
D:2:      layout_basic, basic_altar, minmay_misc_feat_iff
D:3:      layout_loops_corners, trog_wizard, serial_shops, nicolae_shop_stone,
          minmay_misc_feat_square, uniq_terence, uniq_robin, uniq_sigmund
D:4:      layout_loops_ring, minmay_temple_entry_statues_pillars, serial_shops,
          nicolae_stop_n_shop_1, uniq_eustachio
D:5:      layout_basic, lemuel_mausoleum_altar_kikubaaqudgha,
          nemelex_dance_club_becter, uniq_blork_the_orc
D:6:      layout_basic, minmay_strange_pillars, nicolae_sextant,
          minmay_joined_circles, uniq_edmund, uniq_pikel
D:7:      minmay_bubble_buster, layout_cave_pools,
          mainiacjoe_overflow_concentric_impassable, enter_bailey_3,
          corner_web_ring
D:8:      nzn_winding_woodlands_large [nzn_winding_woodlands_5x5_default,
          nzn_winding_woodlands_5x15_garden, nzn_winding_woodlands_5x5_default,
          nzn_winding_woodlands_center_garden,
          nzn_winding_woodlands_15x15_killbox,
          nzn_winding_woodlands_center_lodge, nzn_winding_woodlands_hourglass,
          nzn_winding_woodlands_5x15_split_checker,
          nzn_winding_woodlands_5x5_cross], layout_basic, david_lair_shrubbed
D:9:      layout_small_grid, vehumet_altar_wand_db, okawaru_ov_weapons_minmay,
          chequers_temple_overflow_statue_of_worship, serial_shops,
          nicolae_shop_crystal, chequers_decorated_corner, uniq_gastronok
D:10:     layout_roguey, serial_park_tiny_2
Temple:   zaba_magenta_temple
Lair:1:   layout_loops_ring, basic_altar
Lair:2:   layout_chaotic_city, spider_nest_entry_funnel_web,
          serial_bayou_lagoon_b, serial_bayou_shore_b

Skill      XL: |  1  2  3  4  5  6  7  8  9 10 11 12 |
---------------+-------------------------------------+-----
Axes           | 3 5 6 7 9 11 12 14 15 | 15.0
Fighting       | 4 5 6 7 8 9 10 11 | 11.3
Armour         | 4 5 6 7 8 9 10 11 | 11.3
Shields        | 4 5 6 7 8 9 11 | 11.3
Invocations    | 3 5 |  5.8

Action                   |  1- 3 |  4- 6 |  7- 9 | 10-12 || total
-------------------------+-------+-------+-------+-------++-------
Melee: War axe           |    77 |    97 |   225 |   626 ||  1025
       Headbutt          |    10 |     8 |    49 |   124 ||   191
Invok: Upheaval          |       |       |       |     6 ||     6
Evoke: Wand              |       |       |       |     3 ||     3
  Use: Scroll            |     5 |     2 |     3 |    17 ||    27
       Potion            |       |     2 |       |     4 ||     6
Armor: Scale mail        |    39 |    32 |    73 |       ||   144
       Ring mail         |       |       |       |   230 ||   230
Dodge: Dodged            |    62 |    53 |   131 |   311 ||   557
Block: Buckler           |    24 |    20 |    85 |   312 ||   441

Table legend: (Time is in decaauts)
 A = Elapsed time spent in this place.
 B = Non-inter-level travel time spent in this place.
 C = Inter-level travel time spent in this place.
 D = Time resting spent in this place.
 E = Time spent auto-exploring this place.
 F = Levels seen in this place.
 G = Mean time per level.
                   A        B        C        D        E       F      G
               +--------+--------+--------+--------+--------+-----+--------+
         Total |  11172 |  10408 |    764 |    643 |   7745 |  14 |  798.0 |
       Dungeon |   9943 |   9223 |    720 |    597 |   6885 |  10 |  994.3 |
        Temple |     75 |     55 |     20 |      0 |     50 |   1 |   75.0 |
          Lair |    823 |    800 |     23 |      3 |    682 |   2 |  411.5 |
        Bailey |    330 |    330 |      0 |     43 |    128 |   1 |  330.0 |
               +--------+--------+--------+--------+--------+-----+--------+

Top non-repeatable levels by time:
     D:8: 1368 daAuts
     D:4: 1248 daAuts
     D:3: 1177 daAuts
     D:5: 1139 daAuts
     D:6: 1031 daAuts
     D:2: 1017 daAuts
     D:9: 839 daAuts
     D:7: 835 daAuts
  Lair:1: 679 daAuts
    D:10: 643 daAuts
     D:1: 642 daAuts
  Bailey: 330 daAuts
  Lair:2: 143 daAuts
  Temple: 75 daAuts
